 Dungeon Crawl Stone Soup version 0.31-a0-640-g39d97e502b (webtiles) character file.

Game seed: 15306174579938664231

33 qw the Shooter (level 3, 0/22 HPs)
             Began as a Gargoyle Hunter on Aug 27, 2023.
             Killed from afar by an orc wizard (5 damage)
             ... with a magic dart
             ... on level 3 of the Dungeon.
             The game lasted 00:00:23 (865 turns).

qw the Shooter (Gargoyle Hunter)                     Turns: 865, Time: 00:00:24

Health: 0/22       AC: 10    Str: 14    XL:     3   Next: 29%
Magic:  3/3        EV: 11    Int:  9    God:
Gold:   81         SH:  0    Dex: 15    Spells: 2/2 levels left

rFire   . . .        Y - +1 shortbow
rCold   . . .        (shield currently unavailable)
rNeg    + . .        c - +0 leather armour
rPois   inf          (no helmet)
rElec   +            (no cloak)
rCorr   .            (no gloves)
SInv    .            (no boots)
Will    .....        (no amulet)
Stlth   ++           h - +4 ring of protection
HPRegen 0.23/turn    (no ring)
MPRegen 0.08/turn

%: no passive effects
@: no status effects
A: sickness immunity, AC +3, negative energy resistance 1, electricity
resistance, torment resistance 1, petrification resistance
a: no special abilities


You were on level 3 of the Dungeon.
You visited 1 branch of the dungeon, and saw 3 of its levels.

You collected 81 gold pieces.


Innate Abilities, Weirdness & Mutations

You are immune to sickness and miasma.
Your stone body is resilient. (AC +3)
You are immune to poison.
You resist negative energy. (rN+)
You are resistant to electric shocks. (rElec)
You are resistant to unholy torment.
You are immune to petrification.


   Skills:
 + Level 2.4 Fighting
 - Level 5.0 Ranged Weapons
 - Level 1.5 Dodging
 - Level 1.1 Stealth


You had 2 spell levels left.
You didn't know any spells.
Your spell library was empty.

Inventory:

Hand Weapons
 Y - a +1 shortbow (weapon)
Armour
 c - a +0 leather armour (worn)
Jewellery
 h - a +4 ring of protection (left hand)
Scrolls
 f - a scroll of identify
Potions
 a - a potion of resistance {unknown}
 e - a potion of lignification {unknown}
 m - a potion of curing {unknown}

Dungeon Overview and Level Annotations

Branches:
Dungeon (2/15)

Altars:


Message History

You shoot an arrow.
You feel less confused.
Something hits you but does no damage. x2
You shoot an arrow. Something hits you but does no damage.
You shoot an arrow. Something hits you but does no damage.
You shoot an arrow. Something hits you but does no damage.
You shoot an arrow.
You hear some strange, mumbled words.
A magic dart appears from out of thin air!
The magic dart hits you.
You shoot an arrow. Something hits you but does no damage.
You hear some strange, mumbled words.
You are confused.
You shoot an arrow.
You hear a shout!
You hear some strange, mumbled words.
Something tries to affect you, but you resist.
You shoot an arrow.
An orc comes into view. It is wielding a +0 dagger.
Something hits you but does no damage. Something hits you but does no damage.
You hear some strange, mumbled words.
A puff of flame appears from out of thin air!
The puff of flame hits you!
You feel less confused. Something hits you but does no damage.
You shoot an arrow. The arrow completely misses the orc.
The orc barely misses you. Something hits you but does no damage.
You shoot an arrow. The arrow hits the orc.
The orc is almost dead.
The orc hits you but does no damage. Something hits you.
You shoot an arrow. The arrow hits the orc!
You kill the orc!
You hear some strange, mumbled words.
A magic dart appears from out of thin air!
The magic dart hits you.
You die...

#.## #..## #
##...## #.
###.....## #..
.........#
#..######......#
###........#...#.#
......)..........#
#)..{@......#).#
....?.####.####..#
####. #.# #..# #
#.# #..# #.# #..#
#.# #..# #.# #..#
.# #..# (..#


There were no monsters in sight!

Vanquished Creatures
  An adder (D:3)
  A worm (D:2)
  3 orcs (D:3)
  2 endoplasms
  3 hobgoblins
  3 bats
  A frilled lizard (D:1)
  A goblin (D:2)
  3 kobolds (D:1)
  2 rats (D:1)
20 creatures vanquished.

Notes
Turn   | Place    | Note
-------+----------+-------------------------------------------
     0 | D:1      | qw the Gargoyle Hunter began the quest for the Orb.
     0 | D:1      | Reached XP level 1. HP: 12/12 MP: 1/1
     0 | D:1      | 0 ||| qw: Version: 0.3-a-74-g0d5e918
     0 | D:1      | 0 ||| qw: Game counter: 183
     0 | D:1      | 0 ||| qw: Melee chars always use a shield: true
     0 | D:1      | 0 ||| qw: God list: Okawaru
     0 | D:1      | 0 ||| qw: Allow faded altars: false
     0 | D:1      | 0 ||| qw: Do Orc after clearing Dungeon:15 true
     0 | D:1      | 0 ||| qw: Do second Lair branch before Depths: true
     0 | D:1      | 0 ||| qw: Lair rune preference: random
     0 | D:1      | 0 ||| qw: Goals: Normal
     0 | D:1      | 0 ||| PLANNING D:1-11
   377 | D:1      | Reached XP level 2. HP: 17/17 MP: 2/2
   512 | D:1      | Found a faded altar of an unknown god.
   626 | D:1      | 626 ||| UPGRADING to +4 ring of protection.
   627 | D:1      | 627 ||| READING scroll labelled YXKOUTO NEUQ.
   628 | D:1      | 628 ||| READING 2 scrolls labelled DOINAGH IKHLULE.
   629 | D:1      | 629 ||| READING 2 scrolls labelled KIAHAU MIQU.
   630 | D:1      | 630 ||| READING scroll labelled RIEQUK IR NYOSK.
   635 | D:1      | 635 ||| READING scroll labelled DUSKEU HIQEGO.
   636 | D:1      | 636 ||| READING scroll labelled COPNUN RYR.
   637 | D:1      | 637 ||| DRINKING 2 dark potions.
   643 | D:1      | 643 ||| DROPPING scroll of butterflies.
   644 | D:1      | 644 ||| DROPPING scroll of blinking.
   645 | D:1      | 645 ||| DROPPING potion of ambrosia.
   698 | D:2      | Identified the +7 dagger "Xuga" {antimagic, rPois rF+}
   800 | D:2      | You fall into a shaft and drop 1 floor!
   831 | D:3      | Reached skill level 5 in Ranged Weapons
   831 | D:3      | Reached XP level 3. HP: 19/21 MP: 3/3
   864 | D:3      | HP: 5/22 [something (4)]
   865 | D:3      | Killed from afar by an orc wizard

Levels and vault maps discovered:
D:1:      amcnicky_arrival_single_pillar, layout_loops_cross,
          ebering_ecumenical_altar_webs
D:2:      layout_loops_ring, serial_glass, glass_columns_c, glass_columns_c,
          glass_columns_a, glass_columns_c, glass_columns_c, glass_columns_a,
          glass_columns_c, glass_columns_a, glass_columns_c, glass_columns_c,
          serial_shops, shop, uniq_terence, uniq_natasha, uniq_sigmund
D:3:      layout_loops_ring, mainiacjoe_overflow_small_starburst,
          hellmonk_ghost_happy_afterlife

Skill      XL: |  1  2 |
---------------+-------+-----
Ranged Weapons | 5 |  5.0
Fighting       | |  2.4
Dodging        | |  1.5
Stealth        | |  1.1

Action                     || total
---------------------------++-------
   Fire: Shortbow          ||    85
    Use: Scroll            ||     6
         Potion            ||     1
 Armour: Leather armour    ||    23
  Dodge: Dodged            ||    21

Table legend:
 A = Non-vault XP
 B = Vault XP
 C = Vault XP percentage of total XP
 D = Non-vault monster count
 E = Vault monster count
 F = Vault count percentage of total count
                 A         B        C        D         E       F
            +---------+---------+-------+---------+---------+-------
      Total |      51 |       0 |   0.0 |      20 |       0 |   0.0
            +---------+---------+-------+---------+---------+-------
        D:1 |      16 |       0 |   0.0 |      11 |       0 |   0.0
        D:2 |      10 |       0 |   0.0 |       4 |       0 |   0.0
        D:3 |      25 |       0 |   0.0 |       5 |       0 |   0.0
            +---------+---------+-------+---------+---------+-------
